 Dungeon Crawl Stone Soup version 0.25-a0-513-ge77a69270c (webtiles) character file.

Game seed: 2820043172389751270, levelgen mode: deterministic

2051 Error4North the Cleaver (level 9, -1/75 HPs)
             Began as a Hill Orc Fighter on Feb 15, 2020.
             Slain by a wyvern (14 damage)
             ... on level 6 of the Dungeon on Feb 16, 2020.
             The game lasted 00:19:59 (6449 turns).

Error4North the Cleaver (Hill Orc Fighter)          Turns: 6449, Time: 00:20:00

Health: -1/75      AC: 14    Str: 21      XL:     9   Next: 25%
Magic:  11/11      EV:  7    Int:  4 (6)  God:
Gold:   433        SH: 10    Dex:  7 (10) Spells: 8/8 levels left

rFire    . . .     SeeInvis .   a - +0 war axe
rCold    . . .     Gourm    .   c - +0 kite shield
rNeg     + . .     Faith    .   g - +0 chain mail
rPois    .         Spirit   .   (no helmet)
rElec    +         Reflect  .   r - +0 cloak
rCorr    .         Harm     .   G - +1 pair of gloves of Exclusion {*Slow rElec Int-3 Slay+5}
MR       .....                  (no boots)
Stlth    ..........             (no amulet)
HPRegen  0.22/turn              t - ring of positive energy
MPRegen  0.12/turn              (no ring)

@: flying
A: no striking features
a: no special abilities


You were on level 6 of the Dungeon.
You were not hungry.

You visited 2 branches of the dungeon, and saw 7 of its levels.
You also visited: Sewer.

You collected 433 gold pieces.

Inventory:

Hand Weapons
 a - a +0 war axe (weapon)
Missiles
 y - 7 boomerangs (quivered)
 C - 4 silver javelins
 D - 3 boomerangs of dispersal
Armour
 c - a +0 kite shield (worn)
 g - a +0 chain mail (worn)
 r - a +0 cloak (worn)
 G - the +1 pair of gloves of Exclusion (worn) {*Slow rElec Int-3 Slay+5}
   (You found it on level 5 of the Dungeon)

   It affects your intelligence (-3).
   It affects your accuracy and damage with ranged weapons and melee attacks
   (+5).
   It insulates you from electricity.
   It may slow you when you take damage.
   If you remove this armour, your AC will decrease by 3 (14 -> 11).
Jewellery
 t - a ring of positive energy (left hand)
Wands
 b - a wand of iceblast (11)
 p - a wand of polymorph (8)
 v - a wand of disintegration (19)
Scrolls
 e - 4 scrolls of enchant weapon {unknown}
 h - 2 scrolls of blinking {unknown}
 i - a scroll of noise {unknown}
 j - 2 scrolls of remove curse {unknown}
 k - 3 scrolls of identify
 l - 2 scrolls of enchant armour {unknown}
 q - a scroll of magic mapping {unknown}
 s - a scroll of teleportation {unknown}
 x - a scroll of fog {unknown}
Potions
 d - a potion of might
 m - 2 potions of flight
 n - 5 potions of curing {unknown}
 o - 2 potions of berserk rage {unknown}
 u - a potion of degeneration
 w - a potion of invisibility
 A - 4 potions of heal wounds {unknown}
 B - 3 potions of magic {unknown}
 E - a potion of cancellation {unknown}
 F - a potion of lignification {unknown}
Comestibles
 f - 10 rations


   Skills:
 * Level 6.0 Fighting
 + Level 8.2 Axes
 + Level 1.0 Throwing
 * Level 7.3 Armour
 + Level 1.9 Dodging
 + Level 0.3 Stealth
 * Level 7.0 Shields
 * Level 3.0 Evocations


You had 8 spell levels left.
You didn't know any spells.
Your spell library contained the following spells:

 Spells                   Type           Power        Failure   Level  Hunger
 Magic Dart               Conj           #...         100%        1    ##.....
 Blink                    Tloc           N/A          100%        2    ###....
 Call Imp                 Summ           #.......     100%        2    ###....
 Slow                     Hex            #.......     100%        2    ###....
 Conjure Flame            Conj/Fire      #.......     100%        3    ####...
 Mephitic Cloud           Conj/Pois/Air  #.......     100%        3    ####...


Dungeon Overview and Level Annotations

Branches:
Dungeon (6/15)             Temple (1/1) D:5           Sewer (visited)

Altars:
Cheibriados
Elyvilon
Fedhas
Hepliaklqana
Kikubaaqudgha
Makhleb
Qazlal
Ru
Sif Muna
Trog
Uskayaw
Vehumet
Xom
Yredelemnul
Zin
The Shining One

Shops:
D:4 *   D:5 :


Message History

You closely miss the wyvern.
The wyvern is heavily wounded.
You lose consciousness!
The wyvern bites you! The wyvern bites you.
The wyvern bites you but does no damage.
The wyvern bites you. The wyvern bites you! The wyvern bites you.
The wyvern bites you! The wyvern completely misses you.
The wyvern bites you but does no damage.
As you are about to starve, you manage to eat something.
You eat one of the 11 rations.
That ration really hit the spot!
The wyvern bites you!
* * * LOW HITPOINT WARNING * * *
The wyvern bites you!
* * * LOW HITPOINT WARNING * * *
You can move again.
It was a potion of flight.
You feel very buoyant.
You fly up into the air.
The wyvern bites you!
You die...

#.###...# #.....#
##....#####.#+#.#
###.............
.#
................
.
###..##.........
# ##..#.........
#.###[#.#####.##
#...l......# #
#...#@.....# #..
#......# ...
#........ ###
#......###
#......# #./....#
#......# ########


You could see a wyvern.

Vanquished Creatures
  Grinder (D:5)
  Eustachio (D:5)
  A hungry ghost (D:6)
  A water moccasin (D:5)
  A phantom (D:4)
  A sky beast (D:5)
  3 ogres
  A centaur (D:5)
  5 big kobolds
  A bullfrog zombie (D:5)
  A bullfrog skeleton (D:5)
  2 orc priests
  2 hounds
  2 orc wizards (D:5)
  3 worker ants
  A hound skeleton (D:5)
  5 adders
  6 gnolls
  A river rat (Sewer)
  A shadow imp (D:5)
  3 oozes
  2 adder skeletons
  4 worms
  A dart slug (D:1)
  5 leopard geckos
  18 orcs
  A ball python (D:3)
  4 giant cockroaches
  8 hobgoblins
  4 jackals
  A quokka (D:5)
  13 bats
  8 frilled lizards
  14 goblins
  51 kobolds
  10 rats
187 creatures vanquished.

Notes
Turn   | Place    | Note
-------+----------+-------------------------------------------
     0 | D:1      | Error4North the Hill Orc Fighter began the quest for the
                  | Orb.
     0 | D:1      | Reached XP level 1. HP: 19/19 MP: 1/1
    61 | D:1      | Reached XP level 2. HP: 20/27 MP: 2/2
   292 | D:1      | Reached XP level 3. HP: 33/33 MP: 3/3
   576 | D:1      | Reached skill level 3 in Axes
   942 | D:2      | Reached XP level 4. HP: 35/40 MP: 4/4
  1661 | D:3      | Found a shimmering altar of Xom.
  1661 | D:3      | Noticed an angel
  1664 | D:3      | Found a glowing silver altar of Zin.
  1904 | D:3      | Reached XP level 5. HP: 46/46 MP: 5/5
  2165 | D:3      | Noticed a big kobold
  2186 | D:3      | Killed a big kobold
  2186 | D:3      | Reached skill level 4 in Axes
  2186 | D:3      | Reached skill level 5 in Shields
  2222 | D:3      | Noticed a big kobold
  2236 | D:3      | Reached XP level 6. HP: 46/52 MP: 6/6
  2248 | D:3      | Reached skill level 1 in Dodging
  2415 | D:3      | Reached skill level 5 in Axes
  2432 | D:3      | Reached skill level 5 in Armour
  2432 | D:3      | Reached XP level 7. HP: 25/60 MP: 7/7
  3251 | D:4      | Found Ymeskoh's Assorted Antiques.
  3348 | D:4      | Found a glowing drain.
  3375 | Sewer    | Entered a sewer
  3555 | Sewer    | Found a white marble altar of Elyvilon.
  3977 | D:4      | Reached skill level 6 in Axes
  3977 | D:4      | Reached skill level 1 in Evocations
  4284 | D:4      | Reached XP level 8. HP: 61/67 MP: 8/8
  4294 | D:4      | Reached skill level 5 in Fighting
  4476 | D:5      | Entered Level 5 of the Dungeon
  5334 | D:5      | Upgraded the game from 0.25-a0-510-ge065f6de7d to
                  | 0.25-a0-513-ge77a69270c
  5387 | D:5      | Noticed Eustachio
  5388 | D:5      | Reached skill level 7 in Axes
  5407 | D:5      | Killed Eustachio
  5590 | D:5      | Found Sauvarchu's Book Boutique.
  5613 | D:5      | Got a pair of warped gloves
  5616 | D:5      | Identified the +1 pair of gloves of Exclusion {*Slow rElec
                  | Int-3 Slay+5} (You found it on level 5 of the Dungeon)
  5654 | D:5      | Noticed Grinder
  5689 | D:5      | Killed Grinder
  5689 | D:5      | Reached XP level 9. HP: 38/75 MP: 9/11
  5910 | D:5      | Found a staircase to the Ecumenical Temple.
  5919 | Temple   | Entered the Ecumenical Temple
  6045 | D:5      | Reached skill level 1 in Throwing
  6113 | D:5      | Reached skill level 8 in Axes
  6442 | D:6      | Paralysed by fainting for 7 turns
  6449 | D:6      | Slain by a wyvern

Levels and vault maps discovered:
D:1:      minmay_arrival_arboretum_small, layout_basic, minmay_heptomino_d4
D:2:      layout_rooms, chequers_serial_rivers_room_b
D:3:      minmay_goblin_kobold_castle, layout_basic,
          grunt_temple_overflow_order_and_chaos_1, first_ration, st_stairs_14
D:4:      layout_basic, serial_shops, nicolae_shop_overgrown_old_shop,
          cheibrodos_sewer_entry_bend
D:5:      layout_cave_pods, minmay_temple_entry_statues, serial_shops, shop,
          minmay_between, uniq_eustachio, uniq_grinder
D:6:      layout_basic, grunt_temple_overflow_diamond, kb_rosetta, uniq_menkaure
Temple:   jpeg_temple_clearing

Skill      XL: |  1  2  3  4  5  6  7  8  9 |
---------------+----------------------------+-----
Axes           | 3 4 5 6 7 8 |  8.2
Shields        | 4 5 6 7 |  7.0
Armour         | 4 5 7 |  7.3
Fighting       | 4 5 6 |  6.0
Dodging        | 1 |  1.9
Evocations     | 1 2 3 |  3.0
Throwing       | 1 |  1.0
Stealth        | |  0.3

Action                   |  1- 3 |  4- 6 |  7- 9 || total
-------------------------+-------+-------+-------++-------
Melee: War axe           |   104 |   278 |   273 ||   655
Throw: Boomerang         |       |       |    15 ||    15
  Use: Potion            |       |       |     4 ||     4
       Scroll            |       |       |     2 ||     2
  Eat: Chunk             |       |     6 |     6 ||    12
       Ration            |       |       |     3 ||     3
Armor: Scale mail        |    66 |   180 |   101 ||   347
       Chain mail        |       |       |    13 ||    13
Dodge: Dodged            |    46 |   124 |    73 ||   243
Block: Kite shield       |    83 |   200 |   145 ||   428

Table legend:
 A = Non-vault XP
 B = Vault XP
 C = Vault XP percentage of total XP
 D = Non-vault monster count
 E = Vault monster count
 F = Vault count percentage of total count
                 A         B        C        D         E       F
            +---------+---------+-------+---------+---------+-------
      Total |    1639 |    1292 |  44.1 |     115 |      72 |  38.5
            +---------+---------+-------+---------+---------+-------
        D:1 |      39 |      17 |  30.4 |      23 |       4 |  14.8
        D:2 |      68 |       0 |   0.0 |      24 |       0 |   0.0
        D:3 |     103 |     497 |  82.8 |      25 |      50 |  66.7
        D:4 |     427 |      10 |   2.3 |      18 |       2 |  10.0
        D:5 |     819 |     648 |  44.2 |      21 |       5 |  19.2
        D:6 |     183 |       0 |   0.0 |       4 |       0 |   0.0
      Sewer |       0 |     120 | 100.0 |       0 |      11 | 100.0
            +---------+---------+-------+---------+---------+-------
